 Dungeon Crawl Stone Soup version 0.23.2-33-g5129a83184 (webtiles) character file.

Game seed: 17589300822962129823

72 MalarOregon the Poker (level 4, -2/35 HPs)
             Began as a Merfolk Skald on Aug 6, 2019.
             Killed by nerve-wracking pain
             ... invoked by an orc priest
              (5 damage)
             ... on level 3 of the Dungeon.
             The game lasted 00:09:40 (2197 turns).

MalarOregon the Poker (Merfolk Skald)               Turns: 2197, Time: 00:09:40

Health: -2/35      AC:  3    Str: 12    XL:     4   Next: 26%
Magic:  7/7        EV: 13    Int: 12    God:
Gold:   134        SH:  0    Dex: 13    Spells: 6/7 levels left

rFire    . . .     SeeInvis .   a - +0 spear
rCold    . . .     Gourm    .   (no shield)
rNeg     . . .     Faith    .   b - +0 leather armour
rPois    .         Spirit   .   (no helmet)
rElec    .         Reflect  .   (no cloak)
rCorr    .         Harm     .   (no gloves)
MR       .....                  (no boots)
Stlth    +.........             (no amulet)
HPRegen  0.11/turn              (no ring)
MPRegen  0.10/turn              (no ring)

@: no status effects
A: change form in water, swift swim, stealthy swim
a: no special abilities


You were on level 3 of the Dungeon.
You were not hungry.

You visited 1 branch of the dungeon, and saw 3 of its levels.

You collected 134 gold pieces.

Inventory:

Hand Weapons
 a - a +0 spear (weapon)
Armour
 b - a +0 leather armour (worn)
Jewellery
 c - an uncursed amulet of magic regeneration {unknown}
   (You found it on level 1 of the Dungeon)
 j - an uncursed ring of ice {unknown}
   (You found it on level 2 of the Dungeon)
Scrolls
 f - a scroll of enchant armour {unknown}
 g - a scroll of amnesia {unknown}
 h - 2 scrolls of identify {unknown}
 i - a scroll of remove curse {unknown}
 l - a scroll of blinking {unknown}
Potions
 d - a potion of berserk rage {unknown}
Comestibles
 e - 4 rations {!d}
 k - 4 chunks of flesh


   Skills:
 + Level 3.2 Fighting
 + Level 4.3 Polearms
 - Level 0.6 Armour
 + Level 4.0 Dodging
 - Level 2.0 Spellcasting
 - Level 3.2 Charms


You had 6 spell levels left.
You knew the following spells:

 Your Spells              Type           Power        Failure   Level  Hunger
a - Infusion              Chrm           #...         9%          1    ##.....

Your spell library contained the following spells:

 Spells                   Type           Power        Failure   Level  Hunger
 Song of Slaying          Chrm           #.......     14%         2    ###....
 Shroud of Golubria       Chrm/Tloc      #.........   26%         2    ###....
 Regeneration             Chrm/Necr      #.........   47%         3    ####...
 Spectral Weapon          Hex/Chrm       #.......     47%         3    ####...


Dungeon Overview and Level Annotations

Branches:
Dungeon (3/15)

Altars:
Cheibriados
Fedhas


Message History

Unknown command.
You closely miss the orc. The orc barely misses you.
You barely miss the orc. You barely miss the orc. The orc misses you.
You hit the orc but do no damage. The orc closely misses you.
You hit the orc. The orc closely misses you.
You hit the orc but do no damage. You hit the orc.
You kill the orc!
Things that are here:
a +0 morningstar; a cursed +0 leather armour; an orc corpse You butcher the orc corpse.
k - 4 chunks of flesh
Things that are here:
a +0 morningstar; a cursed +0 leather armour; an orc skeleton
There is a snail-covered altar of Cheibriados here.
You see here a tomahawk.
You see here a tomahawk.
You start resting.
An orc comes into view. It is wielding a +0 dagger.
You see here a tomahawk.
You see here a tomahawk.
You start resting.
The orc is too close now for your liking.
The orc barely misses you.
Your leather armour prevents you from hitting the orc.
You hit the orc.
The orc drinks a potion.
The orc is healed!
You hit the orc. The orc misses you.
You hit the orc.
You kill the orc!
No target in view!
An orc comes into view. It is wielding a +0 trident.
The orc moves out of view.
Things that are here:
a +0 dagger; a tomahawk There isn't anything to butcher here.
An orc priest comes into view. It is wielding a +0 club.
The orc priest shouts!
You hear a shout! x2
An orc priest is nearby!
The orc priest invokes the aid of Beogh against you.
Beogh smites you!
* * * LOW HITPOINT WARNING * * *
You are too injured to fight recklessly!
An orc priest comes into view. It is wielding a +0 whip.
The orc priest mumbles some strange prayers to Beogh against you.
Beogh smites you!
* * * LOW HITPOINT WARNING * * *
The orc priest mumbles some strange prayers to Beogh against you.
Pain shoots through your body!
You die...

#......#####.....#
#.................
.....
#.####.#######.###
... #.# #.# #.##.
#_# #.#
#.#######.#.. ###
#.# #.......#.#..
#.# #.#
#.#####.#.#.. #.#
#.# #.....<...#..
#.# #@#
#######.#P≈♣≈
#.####.# #.♣≈≈≈≈
#......# #♣≈≈≈≈≈
####o### #.♣≈≈≈≈
#o# #.#♣≈♣≈ #.# #
##♣♣ #.# #.# #.#


You could see an orc priest and an orc.

Vanquished Creatures
  2 adders (D:2)
  2 oozes (D:2)
  A worm (D:2)
  A dart slug (D:3)
  3 leopard geckos
  3 orcs (D:3)
  A giant cockroach (D:2)
  A goblin (D:2)
  2 hobgoblins
  2 jackals
  A quokka (D:2)
  2 ball pythons
  4 bats
  2 frilled lizards
  7 kobolds
  2 rats
36 creatures vanquished.

Notes
Turn   | Place    | Note
-------+----------+-------------------------------------------
     0 | D:1      | MalarOregon the Merfolk Skald began the quest for the Orb.
     0 | D:1      | Reached XP level 1. HP: 16/16 MP: 3/3
   359 | D:1      | Reached XP level 2. HP: 18/23 MP: 5/5
   787 | D:2      | Reached XP level 3. HP: 26/28 MP: 6/6
  1632 | D:2      | Reached XP level 4. HP: 18/35 MP: 7/7
  2020 | D:3      | Found a blossoming altar of Fedhas.
  2027 | D:3      | Found a snail-covered altar of Cheibriados.
  2197 | D:3      | Killed from afar by an orc priest

Skill      XL: |  1  2  3  4 |
---------------+-------------+-----
Dodging        | 3 4 |  4.0
Polearms       | 4 |  4.3
Fighting       | 3 |  3.2
Armour         | |  0.6
Spellcasting   | |  2.0
Charms         | |  3.2

Action                   |  1- 3 |  4- 6 || total
-------------------------+-------+-------++-------
Melee: Spear             |   158 |    50 ||   208
       Tailslap          |     2 |       ||     2
  Eat: Chunk             |     2 |     2 ||     4
Armor: Leather armour    |    25 |     5 ||    30
Dodge: Dodged            |    95 |    28 ||   123
